 Dungeon Crawl Stone Soup version 0.27.1-2-g3b301248ec (webtiles) character file.

Game seed: 11185521845607568751

19 MajorAdolf the Vexing (level 2, -1/22 HPs)
             Began as a Naga Wanderer on Sept 30, 2021.
             Slain by a jackal (3 damage)
             ... on level 1 of the Dungeon.
             The game lasted 00:01:12 (961 turns).

MajorAdolf the Vexing (Naga Wanderer)                Turns: 961, Time: 00:01:13

Health: -1/22      AC:  0    Str: 11    XL:     2   Next: 75%
Magic:  1/5        EV:  9    Int: 13    God:
Gold:   0          SH:  0    Dex: 12    Spells: 4/5 levels left

rFire    . . .     SeeInvis +   a - +0 dagger
rCold    . . .     Faith    .   (no shield)
rNeg     . . .     Spirit   .   (no armour)
rPois    +         Reflect  .   (no helmet)
rElec    .         Harm     .   (no cloak)
rCorr    .         Rampage  .   (no gloves)
Will     .....                  (no barding)
Stlth    ++........             (no amulet)
HPRegen  0.07/turn              (no ring)
MPRegen  0.09/turn              (no ring)

@: short of breath, very slow
A: AC +0, large, see invisible, deformed body, poison resistance, slowness 2,
spit poison 1, naga tail 1
a: Spit Poison


You were on level 1 of the Dungeon.
You visited 1 branch of the dungeon, and saw 1 of its levels.

Inventory:

Hand Weapons
 a - a +0 dagger (weapon)
Jewellery
 c - an amulet of faith
Scrolls
 b - 2 scrolls of teleportation
Potions
 d - 2 potions of curing {unknown}


   Skills:
 - Level 1.0 Throwing
 - Level 2.4 Armour
 - Level 1.5 Stealth
 + Level 2.3 Spellcasting
 + Level 1.1 Conjurations
 - Level 3.0 Hexes
 + Level 1.1 Fire Magic


You had 4 spell levels left.
You knew the following spells:

 Your Spells              Type           Power      Damage    Failure   Level
a - Foxfire               Conj/Fire      16%        2x1d4     16%         1

Your spell library contained the following spells:

 Spells                   Type           Power      Damage    Failure   Level
 Conjure Flame            Conj/Fire      4%         6-21      43%         3


Dungeon Overview and Level Annotations

Branches:
Dungeon (1/15)

Altars:


Innate Abilities, Weirdness & Mutations

Your serpentine skin is tough. (AC +0)
You have supernaturally acute eyesight. (SInv)
Armour fits poorly on your strangely shaped body.
Your system is resistant to poisons. (rPois)
You cover ground very slowly.
You can spit poison.
You have a snake-like lower body.


Message History

The foxfire hits the jackal.
The jackal is heavily wounded.
Your foxfire dissipates!
You are too depleted to draw on your mana recklessly!
Unknown command.
The foxfire hits the jackal but does no damage.
The jackal is heavily wounded.
The foxfire hits the jackal but does no damage.
The jackal is heavily wounded.
Your foxfire dissipates!
A jackal comes into view.
Press: ? - help, Shift-Dir - straight line, f - jackal
Aim: a jackal (heavily wounded)
The splash of poison hits the jackal!
You kill the jackal!
A jackal comes into view.
A dart slug comes into view.
Unknown command.
You have got your breath back.
The jackal barks!
The dart slug launches a dart at you. The slug dart hits you.
The jackal bites you. The jackal bites you. The jackal bites you.
The jackal bites you. The jackal bites you.
* * * LOW HITPOINT WARNING * * *
The jackal bites you.
* * * LOW HITPOINT WARNING * * *
Press: ? - help, Shift-Dir - straight line, f - jackal
Aim: a jackal The splash of poison misses the jackal.
The jackal barely misses you.
Unknown command.
You are too injured to fight recklessly!
There are monsters nearby!
Casting: Foxfire (safe; 16% risk of failure)
Confirm with . or Enter, or press ? or * to list all spells.
You conjure some foxfire!
The jackal bites you.
* * * LOW HITPOINT WARNING * * *
The jackal bites you.
You die...

...h.............##.#########
............................>
######:..........#....(.....
..................#.########.
..####............#.# #.
#......w.....#.## #. ...
#.##............# #. ...#
#.##..#h####.#.## #. ...#
#.#...#@####.#.########. ...#
#.#....vv............##. ...#
#...#..##........#.##. ...# #
#...##.##........#.##. ...#
#.#...#............#.##.
.####
#.#...#............#.##.
..... .....+.....##..####[##.
........
##...#....####+##......
........#
#...#.....##≈≈§###)###


You could see a dart slug and a jackal (ally target).

Vanquished Creatures
  A dart slug (D:1)
  2 ball pythons (D:1)
  3 bats (D:1)
  A giant cockroach (D:1)
  A hobgoblin (D:1)
  A jackal (D:1)
  A quokka (D:1)
  6 frilled lizards (D:1)
  A kobold (D:1)
  A rat (D:1)
18 creatures vanquished.

Vanquished Creatures (others)
  46 foxfires (D:1)
46 creatures vanquished.

Grand Total: 64 creatures vanquished

Notes
Turn   | Place    | Note
-------+----------+-------------------------------------------
     0 | D:1      | MajorAdolf the Naga Wanderer began the quest for the Orb.
     0 | D:1      | MajorAdolf set off with the following items: a +0 dagger, a
                  | scroll of teleportation, a +2 scale mail; and the following
                  | spell memorised: Foxfire; and the following spells
                  | available to memorise: Conjure Flame
     0 | D:1      | Reached XP level 1. HP: 15/15 MP: 3/3
   226 | D:1      | Reached XP level 2. HP: 22/22 MP: 0/5
   327 | D:1      | Reached skill level 1 in Fire Magic
   672 | D:1      | Reached skill level 1 in Conjurations
   961 | D:1      | Slain by a jackal

Illustrated notes

Levels and vault maps discovered:
D:1:      lemuel_arrival_behind_the_door_large, layout_basic, minmay_liquid_box,
          minmay_statues_item, minmay_lizard_pond

Skill      XL: |  1  2 |
---------------+-------+-----
Fire Magic     | 1 |  1.1
Conjurations   | 1 |  1.1
Throwing       | |  1.0
Armour         | |  2.4
Stealth        | |  1.5
Spellcasting   | |  2.3
Hexes          | |  3.0

Action                   || total
-------------------------++-------
Melee: Dagger            ||     3
 Cast: Foxfire           ||    30
 Abil: Spit Poison       ||     4
Dodge: Dodged            ||     2
